 Dungeon Crawl Stone Soup version 0.28-a0-1616-g050a50673c (webtiles) character file.

Game seed: 16497468545033057382

35 buddhastalin the Sneak (level 3, 0/22 HPs)
             Began as a Kobold Brigand on Jan 22, 2022.
             Slain by an adder (2 damage)
             ... on level 2 of the Dungeon.
             The game lasted 00:02:33 (1121 turns).

buddhastalin the Sneak (Kobold Brigand)             Turns: 1121, Time: 00:02:33

Health: 0/22       AC:  3    Str:  8    XL:     3   Next: 52%
Magic:  3/3        EV: 14    Int: 14    God:
Gold:   47         SH:  0    Dex: 16    Spells: 2/2 levels left

rFire   . . .      SeeInvis .   a - +0 dagger (protect)
rCold   . . .      Faith    .   (no shield)
rNeg    . . .      Spirit   .   b - +0 robe
rPois   .          Reflect  .   (no helmet)
rElec   .          Harm     .   c - +0 cloak
rCorr   .          Rampage  .   (no gloves)
Will    .....                   (no boots)
Stlth   ++++......              (no amulet)
HPRegen 0.07/turn               (no ring)
MPRegen 0.08/turn               (no ring)

@: brilliant, lethally poisoned (0 -> -3)
A: small, no large weapons, nightstalker 3
a: no special abilities


You were on level 2 of the Dungeon.
You visited 1 branch of the dungeon, and saw 2 of its levels.

You collected 47 gold pieces.

Inventory:

Hand Weapons
 a - a +0 dagger of protection (weapon)
Missiles
 d - 14 poisoned darts (quivered)
 e - 2 curare-tipped darts
Armour
 b - a +0 robe (worn)
 c - a +0 cloak (worn)
Scrolls
 f - a scroll of summoning {unknown}
 g - a scroll of torment {unknown}


   Skills:
 + Level 2.6 Fighting
 * Level 3.7 Short Blades
 - Level 2.1 Throwing
 + Level 2.0 Dodging
 + Level 5.6 Stealth


You had 2 spell levels left.
You didn't know any spells.
Your spell library was empty.

Dungeon Overview and Level Annotations

Branches:
Dungeon (2/15)

Altars:


Innate Abilities, Weirdness & Mutations

You are small and have problems with some larger weapons.
You are completely attuned to the shadows.


Message History

The adder barely misses you. The giant cockroach misses you.
The adder completely misses you.
You closely miss the adder.
The adder is severely wounded.
The giant cockroach misses you. The adder completely misses you.
You completely miss the adder.
The adder is severely wounded.
The giant cockroach closely misses you. The adder bites you.
* * * LOW HITPOINT WARNING * * *
You miss the adder.
The adder is severely wounded.
The giant cockroach bites you but does no damage.
The adder barely misses you.
You hit the adder.
The adder is severely wounded.
The adder bites you but does no damage. The giant cockroach closely misses you.
You barely miss the adder.
The adder is severely wounded.
The adder closely misses you.
The giant cockroach bites you but does no damage.
You barely miss the adder.
The adder is severely wounded.
The adder closely misses you.
The giant cockroach bites you but does no damage.
You miss the adder.
The adder is severely wounded.
The adder misses you.
The giant cockroach bites you but does no damage.
You barely miss the adder.
The adder is severely wounded.
The adder bites you.
* * * LOW HITPOINT WARNING * * *
You are poisoned.
The adder poisons you! The giant cockroach bites you.
* * * LOW HITPOINT WARNING * * *
It was a potion of brilliance.
You feel clever all of a sudden.
* * * LOW HITPOINT WARNING * * *
You feel sick. The adder bites you.
You die...

≈≈≈......##....##
..######.##....#
#......#.##>...#
#.###.........#
#.....##......#
#..##.....(..
#...##......#
##.###†.S....#
####....###@.....
#....####.B..#..
..#...†.####.# .
# #...### .#
###.# ###...# ##
....# ##.## .
##### #..##.#
############....#
.............)...


You could see an adder and a giant cockroach.

Vanquished Creatures
  A dart slug (D:1)
  2 ball pythons
  2 bats (D:1)
  2 endoplasms (D:1)
  5 giant cockroaches
  5 goblins (D:1)
  2 hobgoblins (D:1)
  2 jackals (D:1)
  A frilled lizard (D:1)
  3 kobolds (D:1)
  2 rats
27 creatures vanquished.

Notes
Turn   | Place    | Note
-------+----------+-------------------------------------------
     0 | D:1      | buddhastalin the Kobold Brigand began the quest for the
                  | Orb.
     0 | D:1      | Reached XP level 1. HP: 12/12 MP: 1/1
   231 | D:1      | Reached XP level 2. HP: 18/18 MP: 2/2
   482 | D:1      | Reached XP level 3. HP: 22/22 MP: 3/3
   919 | D:1      | Found a faded altar of an unknown god.
  1121 | D:2      | Slain by an adder

Illustrated notes

Levels and vault maps discovered:
D:1:      eino_arrival_tree_alley, layout_basic,
          shapermc_ecumenical_altar_hornbeckon
D:2:      layout_rooms, chequers_serial_rivers_small_b, chequers_jeans,
          minmay_worlds_worst_comb

Skill      XL: |  1  2  3 |
---------------+----------+-----
Short Blades   | 3 |  3.7
Dodging        | 2 |  2.0
Fighting       | |  2.6
Throwing       | |  2.1
Stealth        | |  5.6

Action                   || total
-------------------------++-------
Melee: Dagger            ||   122
       Punch             ||     2
  Use: Potion            ||     1
 Stab: Sleeping          ||    19
Armor: Robe              ||    32
Dodge: Dodged            ||    74

Table legend: (Time is in decaauts)
 A = Elapsed time spent in this place.
 B = Non-inter-level travel time spent in this place.
 C = Inter-level travel time spent in this place.
 D = Time resting spent in this place.
 E = Time spent auto-exploring this place.
 F = Levels seen in this place.
 G = Mean time per level.
                   A        B        C        D        E       F      G
               +--------+--------+--------+--------+--------+-----+--------+
         Total |   1106 |   1075 |     31 |    192 |    666 |   2 |  553.0 |
       Dungeon |   1106 |   1075 |     31 |    192 |    666 |   2 |  553.0 |
               +--------+--------+--------+--------+--------+-----+--------+

Top non-repeatable levels by time:
     D:1: 947 daAuts
     D:2: 158 daAuts
